 Dungeon Crawl Stone Soup version 0.32-a0-799-g95e1662365 (webtiles) character file.

Game seed: 14896280869129795338

2 backslashecho the Changeling (level 1, 0/16 HPs)
             Began as a Demigod Shapeshifter on Mar 22, 2024.
             Slain by a jackal (3 damage)
             ... on level 1 of the Dungeon.
             The game lasted 00:00:17 (69 turns).

backslashecho the Changeling (Demigod Shapeshifter)   Turns: 69, Time: 00:00:17

Health: 0/16       AC:  2    Str: 15    XL:     1   Next: 26%
Magic:  3/3        EV: 11    Int: 12    God:
Gold:   0          SH:  0    Dex: 13    Spells: 0/0 levels left

rFire   . .          .
                       - Unarmed
rCold   . . .        (no shield)
rNeg    . . .        a - +0 animal skin
rPois   .            (helmet currently unavailable)
rElec   .            (cloak currently unavailable)
rCorr   .            (gloves currently unavailable)
SInv    .            (boots currently unavailable)
Will    .....        (no amulet)
Stlth   +            (no ring)
HPRegen 0.22/turn    (no ring)
MPRegen 0.08/turn

%: no passive effects
@: beast-form
A: beast (slay +1), high MP 1, forlorn, divine attributes
a: Begin Untransformation


You were on level 1 of the Dungeon.
You were a hulking beast.
You visited 1 branch of the dungeon, and saw 1 of its levels.

Inventory:

Armour
 a - a +0 animal skin (worn)
 e - a +0 pair of gloves
Talismans
 c - a beast talisman (active)
 d - a flux talisman
Potions
 b - a potion of lignification


   Skills:
 + Level 1.0 Fighting
 + Level 1.8 Dodging
 * Level 2.7 Unarmed Combat
 + Level 2.7 Shapeshifting


You couldn't memorise any spells.
You didn't know any spells.
Your spell library was empty.

Dungeon Overview and Level Annotations

Branches:
Dungeon (1/15)


Innate Abilities, Weirdness & Mutations

You are a hulking beast.
Your limbs bulge with bestial killing power. (Slay +1)
You have an increased reservoir of magic. (+10% MP)
You shall have no god before yourself.
Your divine heritage dramatically boosts your attributes as you level up.


Message History

Welcome, backslashecho the Demigod Shapeshifter.
Will you be the one to retrieve the sublime Orb of Zot from the depths?
Press ? for a list of commands and other information.
Found a staircase leading out of the dungeon.
Unknown command.
As you open the door, it creaks loudly!
There is an open door here.
Found a spear.
You see here a +0 spear.
A kobold comes into view. It is wielding a +0 whip.
The kobold shouts!
You hear an angry hiss.
A kobold is nearby!
A frilled lizard comes into view.
Found a pair of gloves.
The frilled lizard hisses angrily.
You hit the kobold.
You kill the kobold!
The frilled lizard bites you.
You take 1 damage, and have 14/15 hp.
You barely miss the frilled lizard. The frilled lizard barely misses you.
You hit the frilled lizard.
You kill the frilled lizard!
No target in view!
HP restored.
e - a +0 pair of gloves Health restored: 15
Found a dagger.
A giant cockroach and a rat come into view.
The rat squeaks loudly.
You hear a bark! x2
The giant cockroach moves out of view.
Okay, then.
A jackal comes into view.
You see here a +0 dagger.
A jackal comes into view.
The jackal bites you. The rat bites you. The jackal bites you.
A jackal comes into view.
You take 7 damage, and have 8/15 hp.
MASSIVE DAMAGE!!
The jackal barks!
You hit the jackal.
The jackal is moderately wounded.
You hear a shout! x2
The rat completely misses you. The jackal misses you.
A jackal comes into view.
The rat attacks as it pursues you! The rat bites you.
The jackal barely misses you.
You take 1 damage, and have 7/15 hp.
The jackal barks!
You see here a +0 dagger.
The rat attacks as it pursues you! The rat misses you.
You barely miss the rat. The rat closely misses you.
You closely miss the rat. The rat barely misses you.
You hit the rat.
The rat is heavily wounded.
The rat misses you.
You closely miss the rat.
The rat is heavily wounded.
The rat closely misses you.
You hit the rat.
You kill the rat!
Your Fighting skill increases to level 1!
You hit the jackal.
The jackal is heavily wounded.
The jackal bites you but does no damage.
The jackal bites you.
You take 2 damage, and have 8/16 hp.
You hit the jackal but do no damage.
The jackal is heavily wounded.
The jackal misses you.
You barely miss the jackal.
The jackal is heavily wounded.
The jackal closely misses you.
You completely miss the jackal.
The jackal is heavily wounded.
The jackal bites you. The jackal barely misses you.
You take 2 damage, and have 7/16 hp.
You barely miss the jackal.
The jackal is moderately wounded.
The jackal bites you.
You take 1 damage, and have 6/16 hp.
You hit the jackal.
The jackal is almost dead.
The jackal bites you.
* * * LOW HITPOINT WARNING * * *
You take 3 damage, and have 3/16 hp.
You hit the jackal but do no damage.
The jackal is almost dead.
The jackal bites you.
You die...

#.#.. #.#.# ##.
###.#.#.....
#..).h.......
#h###.......# #h#
#........ #h#
#........ #h#
##....... #h# #......
#.### ##.#...#
#...#####.....#
#.........#...####
####........##...##..
#.........#.##...##.#
#.........#.##...##.#
#........)#.#....##.#
..................##.#


You could see 4 jackals.

Vanquished Creatures
  A kobold (D:1)
  A frilled lizard (D:1)
  A rat (D:1)
3 creatures vanquished.

Notes
Turn   | Place    | Note
-------+----------+-------------------------------------------
     0 | D:1      | backslashecho the Demigod Shapeshifter began the quest for
                  | the Orb.
     0 | D:1      | Reached XP level 1. HP: 15/15 MP: 3/3
    63 | D:1      | Reached skill level 1 in Fighting
    69 | D:1      | Slain by a jackal

Illustrated notes

Levels and vault maps discovered:
D:1:      tarquinn_simple_flora_water_e, layout_loops_ring,
          hellmonk_ecumenical_altar_run_dry

Skill      XL: |  1 |
---------------+----+-----
Fighting       | 1 |  1.0
Dodging        | |  1.8
Unarmed Combat | |  2.7
Shapeshifting  | |  2.7

Action                     || total
---------------------------++-------
  Melee: Unarmed           ||    16
 Armour: Animal skin       ||    11
  Dodge: Dodged            ||    12

Table legend: (Time is in decaauts)
 A = Elapsed time spent in this place.
 B = Non-inter-level travel time spent in this place.
 C = Inter-level travel time spent in this place.
 D = Time resting spent in this place.
 E = Time spent auto-exploring this place.
 F = Levels seen in this place.
 G = Mean time per level.
                   A        B        C        D        E       F      G
               +--------+--------+--------+--------+--------+-----+--------+
         Total |     68 |     68 |      0 |      0 |     28 |   1 |   68.0 |
       Dungeon |     68 |     68 |      0 |      0 |     28 |   1 |   68.0 |
               +--------+--------+--------+--------+--------+-----+--------+

Top non-repeatable levels by time:
     D:1: 68 daAuts
